AoeStats
← ska_18

Arena

508421571Analyzed
3v3 RM · 10d ago on Sep 22, 2026· 25m 39s· 6 players
Game mode
Random Map
Map size
Normal (6 player)
Population
200
Speed
Normal
Resources
Standard
Victory
Conquest
Starting age
Dark Age
Ending age
Imperial Age
RankedLock teamsTeams togetherTeam positionsShared explorationLock speedFull tech treeHidden civsTurbo modeCheats
Victory
Defeat
🇮🇩 Burgundians · Indonesia
965
+13
🇪🇸 Shu · Spain
934
+14
🇦🇹 Saracens · Austria
899
+16
🇨🇳 Aztecs · China
901
-15
🇦🇷 Italians · Argentina
898
-14
895
-14
silverkass
9:20 Loom
11:30 Feudal Age
12:46 Double-Bit Axe
14:08 Town Watch
16:11 Horse Collar
19:53 Castle Age
18:02 Gold Mining
21:27 Bow Saw
21:44 Fletching
21:56 Padded Archer Armor
22:14 Thumb Ring
24:48 Wheelbarrow
24:13 Town Patrol
25:14 Heavy Plow
25:54 Gold Shaft Mining
ska_18
9:50 Feudal Age
10:48 Loom
15:55 Castle Age
14:17 Double-Bit Axe
14:21 Horse Collar
17:56 Wheelbarrow
17:36 Bow Saw
17:12 Town Watch
23:24 Hand Cart
24:45 Gold Mining
24:45 Stone Mining
26:14 Heavy Plow
SL | Icheng
9:55 Feudal Age
15:29 Castle Age
13:48 Gold Mining
21:58 Scale Mail Armor
Dank
0:30 Loom
10:23 Feudal Age
15:03 Castle Age
13:23 Double-Bit Axe
14:25 Horse Collar
18:38 Bow Saw
19:51 Stone Mining
21:36 Pikeman
少打游戏多学习
8:29 Loom
11:06 Feudal Age
15:56 Castle Age
14:05 Horse Collar
14:36 Double-Bit Axe
18:02 Fervor
18:37 Wheelbarrow
19:59 Bow Saw
22:19 Chemistry
21:37 Heavy Plow
23:36 Squires
23:39 Town Watch
24:44 Ballistics
clever101994
0:28 Loom
12:35 Feudal Age
19:21 Castle Age
18:29 Scale Mail Armor
18:46 Double-Bit Axe
21:42 Eagle Warrior
22:25 Gold Mining
23:04 Forging
Connection lost

Rejoining the realm…

Still unreachable

The connection could not be restored.

Session expired

The server has moved on; the page needs a fresh start.